 Dungeon Crawl Stone Soup version 0.25.1-2-g60ff931df9 (webtiles) character file.

Game seed: 14499580895963705358

13161 gruber the Cleaver (level 11, -21/88 HPs)
             Began as a Deep Dwarf Fighter on Sept 27, 2020.
             Was a High Priest of Makhleb.
             Demolished by a two-headed ogre
             ... wielding a +0 giant club
              (46 damage)
             ... on level 12 of the Dungeon.
             The game lasted 00:12:50 (8085 turns).

gruber the Cleaver (Deep Dwarf Fighter)             Turns: 8085, Time: 00:12:50

Health: -21/88     AC: 22    Str: 23    XL:     11   Next: 71%
Magic:  6/6        EV:  6    Int:  9    God:    Makhleb [*****.]
Gold:   597        SH:  0    Dex: 12    Spells: 10/10 levels left

rFire    . . .     SeeInvis .   w - +3 hand axe (holy)
rCold    . . .     Gourm    .   c - +1 kite shield
rNeg     + . .     Faith    .   y - +0 plate armour
rPois    .         Spirit   .   q - +0 helmet
rElec    .         Reflect  .   k - +2 cloak
rCorr    .         Harm     .   t - +0 pair of gloves
MR       ++...                  (no boots)
Stlth    ..........             (no amulet)
HPRegen  0.00/turn              G - ring of positive energy
MPRegen  0.10/turn              p - ring of protection from magic

@: sleeping, non-regenerating
A: damage resistance, heal wounds, sense surroundings 2, no regeneration
a: Heal Wounds, Minor Destruction, Lesser Servant of Makhleb, Major Destruction,
Greater Servant of Makhleb, Renounce Religion


You were on level 12 of the Dungeon.
You worshipped Makhleb.
Makhleb was extremely pleased with you.
You were not hungry.

You visited 2 branches of the dungeon, and saw 13 of its levels.

You collected 597 gold pieces.

Inventory:

Hand Weapons
 a - a +0 war axe
 w - a +3 hand axe of holy wrath (weapon)
Missiles
 g - 6 javelins (quivered)
Armour
 c - a +1 kite shield (worn)
 k - a +2 cloak (worn)
 q - a +0 helmet (worn)
 t - a +0 pair of gloves (worn)
 y - a +0 plate armour (worn)
Jewellery
 p - a ring of protection from magic (right hand)
 G - a ring of positive energy (left hand)
 N - an uncursed ring of wizardry
Wands
 b - a wand of digging (6)
 v - a wand of enslavement (6)
 x - a wand of random effects (16)
 B - a wand of clouds (4)
 F - a wand of iceblast (17)
 H - a wand of flame (19)
Scrolls
 h - 3 scrolls of teleportation
 i - 2 scrolls of blinking
 l - 9 scrolls of identify
 n - 2 scrolls of enchant armour
 r - a scroll of magic mapping
 s - 3 scrolls of remove curse
 z - a scroll of noise {unknown}
 A - a scroll of enchant weapon
 C - a scroll of brand weapon {unknown}
 D - 2 scrolls of amnesia {unknown}
 E - a scroll of fear
 I - a scroll of acquirement {unknown}
 L - a scroll of summoning {unknown}
 M - a scroll of holy word {unknown}
 P - 3 scrolls of torment {unknown}
Potions
 d - 2 potions of might
 e - a potion of stabbing
 j - 5 potions of heal wounds {unknown}
 m - 2 potions of curing {unknown}
 o - 2 potions of mutation {unknown}
 u - 2 potions of brilliance {unknown}
 J - a potion of resistance {unknown}
 K - 2 potions of haste {unknown}
 O - a potion of degeneration {unknown}
Comestibles
 f - 22 rations
 Q - a chunk of flesh


   Skills:
 - Level 2.6 Fighting
 - Level 13.0 Axes
 * Level 12.3 Armour
 - Level 11.0 Shields


You had 10 spell levels left.
You didn't know any spells.
Your spell library contained the following spells:

 Spells                   Type           Power        Failure   Level  Hunger
 Beastly Appendage        Tmut           #.....       100%        1    ##.....
 Corona                   Hex            #......      100%        1    ##.....
 Foxfire                  Conj/Fire      #...         100%        1    ##.....
 Slow                     Hex            #.......     100%        2    ###....
 Sticks to Snakes         Tmut           #.......     100%        2    ###....
 Conjure Flame            Conj/Fire      #.......     100%        3    ####...
 Inner Flame              Hex/Fire       #.......     100%        3    ####...
 Portal Projectile        Hex/Tloc       #.....       100%        3    ####...
 Spider Form              Tmut/Pois      #.........   100%        3    ####...
 Cause Fear               Hex            #.........   100%        4    #####..
 Ice Form                 Ice/Tmut       #.......     100%        4    #####..
 Leda's Liquefaction      Hex/Erth       #.........   100%        4    #####..
 Sticky Flame             Conj/Fire      #.......     100%        4    #####..
 Blade Hands              Tmut           #.........   100%        5    ######.
 Fireball                 Conj/Fire      #.........   100%        5    ######.


Dungeon Overview and Level Annotations

Branches:
Dungeon (12/15)            Temple (1/1) D:5            Lair (0/6) D:9
    Orc: D:9-12

Altars:
Ashenzari
Cheibriados
Dithmenos
Elyvilon
Fedhas
Gozag
Hepliaklqana
Kikubaaqudgha
Makhleb
Nemelex Xobeh
Okawaru
Qazlal
Ru
Sif Muna
Trog
Uskayaw
Vehumet
Xom
Yredelemnul
Zin
The Shining One

Shops:
D:11 }

Annotations:
D:5 2 transporters


Innate Abilities, Weirdness & Mutations

You are resistant to damage.
You can heal yourself by infusing magical energy.
You passively map the area around you.
You do not regenerate.


Message History

You hear mad divine giggling.
The two-headed ogre shouts in stereo!
The dream sheep bleats! x4
Found a shimmering altar of Xom.
Unknown command.
Unknown command.
Unknown command.
Unknown command.
The dream sheep burns! x5
The dream sheep burns! x5
The dream sheep burns! x5
The dream sheep shake their wool and sparkle.
You feel drowsy...
You fall asleep.
The dream sheep burns! x3
You hear an explosion! x2
The fiery explosion engulfs the dream sheep!!!
The dream sheep explodes!
The dream sheep burns! x2
The two-headed ogre hits you with a +0 giant club!!!
Ouch! That really hurt!
You die...

###....##.........#
.##....##§§§Y%....#
.##....##§§§......#
.##....#..........#
.####†##....._....#
.####.##..........#
......##..........#
.########.........#
...............O@.#
#########..#.#.#..#
.....# ##.#.#...##
####.# #.#.#.###
#.# #.#.#.# #.#
#.#.#.# #.# #.#.#.#
#.# #.#.#.# #.#
#.#(#.#


You could see a two-headed ogre and a dream sheep (inner flame, fleeing,
burning).

Vanquished Creatures
  A two-headed ogre (D:7)
  A manticore (D:11)
  An elephant (D:9)
  A polar bear (D:9)
  Grinder (D:6)
  4 hippogriffs
  A shadow (D:11)
  A spriggan (D:10)
  20 yaks
  2 wyverns (D:11)
  2 hungry ghosts
  2 water moccasins
  3 orc warriors
  A black bear (D:8)
  6 ice beasts
  3 phantoms
  4 sky beasts
  An eye of draining (D:8)
  8 ogres
  8 centaurs
  2 crocodiles (D:9)
  A big kobold (D:10)
  6 bullfrogs
  A gnoll sergeant (D:9)
  2 scorpions
  10 killer bees
  5 electric eels
  5 wights (D:12)
  9 crimson imps
  A bullfrog zombie (D:11)
  7 hounds
  4 jellies
  12 orc priests
  2 quasits
  10 orc wizards
  A gnoll shaman (D:8)
  Jessica (D:3)
  2 iguanas (D:4)
  7 worker ants
  A centaur simulacrum (D:9)
  A hound skeleton (D:4)
  3 worker ant zombies
  6 gnolls
  11 adders
  A hound simulacrum (D:9)
  6 shadow imps
  2 white imps (D:9)
  A worker ant simulacrum (D:9)
  2 oozes
  An adder zombie (D:6)
  2 adder skeletons
  3 worms
  A dart slug (D:1)
  An adder simulacrum (D:9)
  6 leopard geckos
  63 orcs
  2 ball pythons
  10 bats
  4 giant cockroaches
  7 goblins
  8 hobgoblins
  20 jackals
  5 quokkas
  3 frilled lizards
  11 kobolds
  A leopard gecko skeleton (D:3)
  18 rats
359 creatures vanquished.

Vanquished Creatures (others)
  3 dream sheep (D:12)
3 creatures vanquished.

Grand Total: 362 creatures vanquished

Notes
Turn   | Place    | Note
-------+----------+-------------------------------------------
     0 | D:1      | gruber the Deep Dwarf Fighter began the quest for the Orb.
     0 | D:1      | Reached XP level 1. HP: 20/20 MP: 1/1
   171 | D:1      | Reached XP level 2. HP: 24/27 MP: 2/2
   361 | D:1      | Reached skill level 3 in Axes
   520 | D:1      | Reached XP level 3. HP: 17/33 MP: 3/3
  1163 | D:2      | Reached skill level 4 in Axes
  1282 | D:2      | Reached XP level 4. HP: 32/40 MP: 3/3
  1569 | D:3      | Noticed a centaur
  1588 | D:3      | Killed a centaur
  1588 | D:3      | Reached skill level 5 in Axes
  1588 | D:3      | Reached XP level 5. HP: 24/46 MP: 4/4
  1757 | D:3      | Found a stormy altar of Qazlal.
  1989 | D:3      | Reached skill level 6 in Axes
  2150 | D:3      | Noticed Jessica
  2154 | D:3      | Reached XP level 6. HP: 48/55 MP: 4/4
  2157 | D:3      | Killed Jessica
  2278 | D:4      | Reached skill level 7 in Axes
  2343 | D:4      | Reached XP level 7. HP: 48/61 MP: 5/5
  2360 | D:4      | Reached skill level 8 in Axes
  2456 | D:4      | Reached skill level 5 in Shields
  2857 | D:5      | Entered Level 5 of the Dungeon
  2909 | D:5      | Reached skill level 9 in Axes
  2947 | D:5      | Reached skill level 5 in Armour
  2947 | D:5      | Reached XP level 8. HP: 52/68 MP: 5/5
  3057 | D:5      | Found a transporter.
  3068 | D:5      | Found a transporter.
  3156 | D:5      | Found a staircase to the Ecumenical Temple.
  3165 | Temple   | Entered the Ecumenical Temple
  3208 | Temple   | Became a worshipper of Makhleb the Destroyer
  3364 | D:5      | Found a glowing golden altar of the Shining One.
  3464 | D:6      | Noticed Grinder
  3474 | D:6      | Paralysed by Grinder for 4 turns
  3482 | D:6      | Killed Grinder
  3623 | D:6      | Found a snail-covered altar of Cheibriados.
  3778 | D:6      | Found a radiant altar of Vehumet.
  3785 | D:6      | Found an iron altar of Okawaru.
  4016 | D:7      | Gained mutation: You passively map the area around you.
                  | [Deep Dwarf growth]
  4016 | D:7      | Reached XP level 9. HP: 51/74 MP: 5/5
  4108 | D:7      | Found a glowing silver altar of Zin.
  4154 | D:7      | Reached * piety under Makhleb
  4301 | D:7      | Reached skill level 10 in Axes
  4517 | D:7      | Noticed a two-headed ogre
  4526 | D:7      | Killed a two-headed ogre
  4526 | D:7      | Reached skill level 11 in Axes
  4863 | D:8      | Reached ** piety under Makhleb
  4947 | D:8      | Reached skill level 12 in Axes
  5068 | D:8      | Reached XP level 10. HP: 76/81 MP: 6/6
  5276 | D:8      | Found a basalt altar of Yredelemnul.
  5277 | D:8      | Found a sparkling altar of Nemelex Xobeh.
  5302 | D:8      | Reached skill level 13 in Axes
  5394 | D:8      | Found an opulent altar of Gozag.
  5570 | D:9      | Noticed an elephant
  5636 | D:9      | Killed an elephant
  5683 | D:9      | Found a staircase to the Lair.
  5761 | D:9      | Reached *** piety under Makhleb
  6043 | D:9      | Found a shimmering blue altar of Sif Muna.
  6147 | D:9      | HP: 4/81 [electric eel/bolt of electricity (6)]
  6220 | D:9      | You fall into a shaft and drop 2 floors!
  6285 | D:11     | Found an opulent altar of Gozag.
  6343 | D:11     | Reached skill level 10 in Shields
  6350 | D:11     | Reached **** piety under Makhleb
  6426 | D:11     | Reached XP level 11. HP: 85/88 MP: 6/6
  6516 | D:11     | Found Xautor's Gadget Boutique.
  6755 | D:11     | Reached skill level 10 in Armour
  6888 | D:10     | Entered Level 10 of the Dungeon
  7046 | D:10     | Reached ***** piety under Makhleb
  8080 | D:12     | Noticed a two-headed ogre
  8080 | D:12     | Found a shimmering altar of Xom.
  8085 | D:12     | Demolished by a two-headed ogre

Illustrated notes

Levels and vault maps discovered:
D:1:      ncdulo_halloftheorcs, layout_loops_corners
D:2:      layout_loops_cross, first_ration
D:3:      layout_basic, grunt_qazlal_clouds, hangedman_decor_clover_reticule,
          uniq_jessica
D:4:      layout_cave_pools
D:5:      gammafunk_steamed_eel, layout_rooms, marbit_many_paths, temple_hall
D:6:      layout_cave_pools, amethyst_overflow_temple_binary,
          serial_bayou_ford_a, cheibriados_altar_1, uniq_grinder
D:7:      layout_cave_pools, nicolae_overflow_hidden_temple,
          lemuel_crystal_altar, serial_column_ruins, column_ruins_hut,
          column_ruins_courtyard_long_water, column_ruins_open_small_water,
          column_ruins_grid_1, column_ruins_open_medium, column_ruins_grid_1,
          column_ruins_open_medium, column_ruins_columns_straight
D:8:      layout_basic, gammafunk_temple_overflow_statue, kennysheep_mini_moat
D:9:      layout_roguey, lemuel_crystal_altar, david_lair_generic, serial_ice,
          serial_ice_o, serial_ice_d, serial_ice_b, serial_ice_l, serial_ice_n
D:10:     layout_long_grid, grunt_pizzeria
D:11:     layout_cave_pools, serial_shops, nicolae_shop_trees,
          minmay_tree_intersection, minmay_misc_feat_more_columns, minivault_26,
          kennysheep_cross_room, nicolae_gozag_seed_capital
D:12:     layout_basic, erik_orc_2, kb_xom_exploding_sheep
Temple:   minmay_temple_bridge_abc

Skill      XL: |  1  2  3  4  5  6  7  8  9 10 11 |
---------------+----------------------------------+-----
Axes           | 3 4 5 6 7 9 12 13 | 13.0
Shields        | 4 5 10 11 | 11.0
Armour         | 5 9 12 | 12.3
Fighting       | |  2.6

Action                   |  1- 3 |  4- 6 |  7- 9 | 10-12 || total
-------------------------+-------+-------+-------+-------++-------
Melee: War axe           |   151 |   160 |    62 |       ||   373
       Hand axe          |       |       |   372 |   748 ||  1120
 Abil: Heal Wounds       |     1 |     4 |     8 |     3 ||    16
  Use: Scroll            |     6 |       |     5 |     1 ||    12
  Eat: Chunk             |     2 |     3 |    10 |    13 ||    28
Armor: Scale mail        |    81 |    84 |    56 |       ||   221
       Plate armour      |       |       |   151 |   305 ||   456
Dodge: Dodged            |    43 |    53 |    75 |   110 ||   281
Block: Kite shield       |    80 |    82 |   250 |   387 ||   799
